 Dungeon Crawl Stone Soup version 0.30.0-5-g1a98f26d00 (webtiles) character file.

Game seed: 3775996870924748233

10321 Datul the Carver (level 11, -3/90 HPs)
             Began as a Human Cinder Acolyte on May 11, 2023.
             Was a Priest of Ignis.
             Slain by a skyshark (6 damage)
             ... on level 1 of the Lair of Beasts.
             The game lasted 00:47:40 (10947 turns).

Datul the Carver (Human Cinder Acolyte)            Turns: 10947, Time: 00:47:40

Health: -3/90      AC: 15    Str: 16    XL:     11   Next: 90%
Magic:  14/14      EV:  8    Int: 14    God:    Ignis [***...]
Gold:   666        SH: 12    Dex: 18    Spells: 12/14 levels left

rFire   + . .        a - +2 scimitar (flame)
rCold   . . .        b - +1 buckler
rNeg    + . .        W - +0 pearl dragon scales
rPois   .            (no helmet)
rElec   .            (no cloak)
rCorr   .            (no gloves)
SInv    +            (no boots)
Will    .....        N - amulet "Eloxt" {Reflect -Tele Fly SH+5 SInv} Stlth
                     g - +4 ring of protection
HPRegen 0.35/turn    y - +6 ring of dexterity
MPRegen 0.14/turn

%: no teleportation, reflection
@: flying, hasted, very quick
A: no striking features
a: Renounce Religion, Fiery Armour, Foxfire Swarm


You were on level 1 of the Lair of Beasts.
You worshipped Ignis.
Ignis was most pleased with you.
You visited 4 branches of the dungeon, and saw 14 of its levels.

You collected 983 gold pieces.
You spent 317 gold pieces at shops.

Inventory:

Hand Weapons
 a - a +2 scimitar of flaming (weapon)
 R - a +2 long sword of draining
Missiles
 t - 13 poisoned darts (quivered)
 u - 11 javelins
 x - 9 boomerangs
 U - 3 silver javelins
 V - a curare-tipped dart
Armour
 b - a +1 buckler (worn)
 q - a +0 ring mail of poison resistance
 W - +0 pearl dragon scales (worn)
Jewellery
 g - a +4 ring of protection (left hand)
 y - a +6 ring of dexterity (right hand)
 D - a ring of ice
 I - a ring of willpower
 N - the amulet "Eloxt" (around neck) {Reflect -Tele Fly SH+5 SInv}
   (You found it on level 6 of the Dungeon)

   [amulet of reflection]

   It reflects blocked missile attacks.
   SInv:      It lets you see invisible.
   Fly:       It grants you flight.
   -Tele:     It prevents most forms of teleportation.
   SH:        It affects your SH (+5).
 T - a ring of willpower
 Z - a ring of protection from cold
Wands
 f - a wand of polymorph (5)
 o - a wand of paralysis (22)
 F - a wand of light (5)
 O - a wand of roots (4)
 Q - a wand of flame (28)
 S - a wand of mindburst (7)
Scrolls
 h - a scroll of magic mapping
 i - 2 scrolls of poison
 j - a scroll of amnesia
 l - 2 scrolls of enchant armour
 m - 4 scrolls of teleportation
 n - a scroll of summoning {unknown}
 p - 2 scrolls of fog
 v - a scroll of immolation {unknown}
 z - a scroll of blinking {unknown}
 B - a scroll of vulnerability
 C - a scroll of brand weapon {unknown}
 G - a scroll of torment {unknown}
 H - 4 scrolls of silence
 X - a scroll of enchant weapon {unknown}
Potions
 c - 2 potions of haste
 d - 2 potions of berserk rage
 e - 2 potions of resistance
 k - 4 potions of might
 r - 3 potions of lignification
 s - 3 potions of curing
 w - a potion of invisibility
 A - 3 potions of attraction
 E - 4 potions of mutation
 L - a potion of heal wounds
 P - a potion of ambrosia
 Y - a potion of cancellation


   Skills:
 - Level 10.0 Fighting
 - Level 14.0 Long Blades
 + Level 3.1 Armour
 - Level 5.0 Shields
 - Level 2.0 Spellcasting
 - Level 3.6 Fire Magic


You had 12 spell levels left.
You knew the following spells:

 Your Spells              Type           Power      Damage    Failure   Level
a - Scorch                Fire           22%        2d5       43%         2

Your spell library contained the following spells:

 Spells                   Type           Power      Damage    Failure   Level
 Shock                    Conj/Air       4%         1d3       80%         1
 Volatile Blastmotes      Fire/Tloc      12%        2d11      90%         3
 Dazzling Flash           Conj/Hex       2%         N/A       99%         3
 Swiftness                Air            1%         N/A       99%         3
 Airstrike                Air            0%         2d(1-17)  100%        4
 Animate Armour           Summ/Erth      2%         N/A       100%        4
 Iskenderun's Mystic Bla  Conj/Tloc      1%         2d3       100%        4
 Blade Hands              Tmut           0%         N/A       100%        5
 Iron Shot                Conj/Erth      0%         9d1       100%        6
 Simulacrum               Ice/Necr       0%         N/A       100%        6
 Starburst                Conj/Fire      3%         6d3       100%        6
 Ozocubu's Refrigeration  Ice            0%         4d7       100%        7
 Polar Vortex             Ice            0%         N/A       100%        9


Dungeon Overview and Level Annotations

Branches:
Dungeon (10/15) Zot: 25994  Temple (1/1) D:4 Zot: 5998    Lair (2/5) D:10 Zot: 10714
  Swamp (0/4) Lair:2          Orc (1/2) D:9 Zot: 5992
  Snake: Lair:2-3    Spider: Lair:2-3

Altars:
Ashenzari
Gozag
Hepliaklqana
Makhleb
Qazlal
Sif Muna
Trog
Wu Jian
Zin
The Shining One

Shops:
D:6 (!*((   D:9 *

Portals:
Trove: D:10 (give +3 gold dragon scales)

Annotations:
D:7 2 runed translucent doors


Message History

Aiming: Paralyse
Press: ? - help, Shift-Dir - straight line, f - skyshark
Aim: a skyshark (berserk, chance to affect: 31%)
Okay, then.
Aiming: Fastroot
Press: ? - help, Shift-Dir - straight line The roots erupt in riotous growth!
Roots grab the skyshark.
The grasping roots constrict the skyshark.
The skyshark bites you!
* * * LOW HITPOINT WARNING * * *
The skyshark tail-slaps you but does no damage.
You block the skyshark's attack.
You take 8 damage, and have 23/90 hp.
The grasping roots constrict the skyshark.
The skyshark struggles to escape constriction.
The roots lose their grip on something.
Aiming: Fastroot
Press: ? - help, Shift-Dir - straight line, f - skyshark
Aim: a skyshark (lightly wounded, berserk)
The roots erupt in riotous growth!
Roots grab the skyshark.
The grasping roots constrict the skyshark.
The skyshark struggles to escape constriction.
Okay, then.
The roots lose their grip on something.
Press: ? - help, v - describe, . - travel
Here: a skyshark (lightly wounded, berserk)
The floor.
Aiming: Bolt of Light
Press: ? - help, Shift-Dir - straight line, f/p - skyshark
Aim: a skyshark (lightly wounded, berserk, 79% to hit)
The bolt of light hits the skyshark!
The skyshark is lightly wounded.
The skyshark is blinded.
The skyshark bites you!
* * * LOW HITPOINT WARNING * * *
The skyshark tail-slaps you.
* * * LOW HITPOINT WARNING * * *
The skyshark tail-slaps you.
You die...

.## #..........~..~~~#♣#.# #.##
######........~≈.....♣~~.##
...###.#.##.........~....≈#♣~..#
.#........'.)......~≈~...~..≈.P#
#######.###...........~≈#...~.##
# ### #........~..≈~.~♣...# #
#.......>≈~≈~..~~.~## #
#.#.#[##~~~~≈~♣~≈~~# #
###...@l..##..♣~~≈~# #####
##.#+########~..≈~## ....#
#..........#~.##### ....#
#.............# ....#
#########....#### ....#
###.'#≈~≈≈#....#
....###....#†≈~≈#...(#
.....#..##.'≈~≈~'....#
....##.#####~≈~≈#....##


You could see a skyshark (berserk, blind).

Vanquished Creatures
  Erolcha (D:10)
  Erica (D:8)
  A manticore (D:9)
  5 elephants (Lair:1)
  2 black mambas (Lair:1)
  A cane toad (Lair:1)
  2 komodo dragons (Lair:1)
  2 trolls
  2 blink frogs (Lair:1)
  A shadow (D:10)
  A wyvern (D:7)
  3 yaks (Lair:1)
  Eustachio (D:6)
  2 acid dragons (D:10)
  4 water moccasins
  3 black bears (Lair:1)
  3 ogres
  3 wolves (Lair:1)
  A centaur (D:8)
  2 phantoms
  2 kobold brigands
  Blork the orc (D:4)
  8 bullfrogs
  A gnoll sergeant (D:9)
  4 scorpions
  5 wights (D:9)
  3 killer bees (D:9)
  2 hounds
  A gnoll bouda (D:8)
  7 orc priests
  4 iguanas
  2 sleepcaps (D:7)
  7 orc wizards
  4 adders
  7 gnolls
  3 white imps
  2 ufetubi
  2 worms
  6 dart slugs
  32 orcs
  12 ball pythons
  12 endoplasms
  10 giant cockroaches
  4 goblins
  4 hobgoblins
  7 jackals
  5 quokkas
  2 bats (D:1)
  3 frilled lizards
  11 kobolds
  12 rats
226 creatures vanquished.

Vanquished Creatures (others)
  An orc (D:4)
  65 foxfires (D:4)
66 creatures vanquished.

Grand Total: 292 creatures vanquished

Notes
Turn   | Place    | Note
-------+----------+-------------------------------------------
     0 | D:1      | Datul the Human Cinder Acolyte began the quest for the Orb.
     0 | D:1      | Reached XP level 1. HP: 18/18 MP: 2/2
     2 | D:1      | Found a runed translucent door.
   101 | D:1      | Reached XP level 2. HP: 20/24 MP: 3/3
   119 | D:1      | Learned a level 2 spell: Scorch
   400 | D:1      | Reached XP level 3. HP: 28/29 MP: 5/5
   965 | D:1      | Reached XP level 4. HP: 35/35 MP: 6/6
  2011 | D:3      | Reached skill level 4 in Long Blades
  2011 | D:3      | Reached XP level 5. HP: 21/41 MP: 8/8
  2600 | D:3      | Found a stormy altar of Qazlal.
  2604 | D:3      | Found a bloodstained altar of Trog.
  2774 | D:4      | Noticed Blork the orc
  2776 | D:4      | Killed Blork the orc
  2777 | D:4      | Reached skill level 5 in Long Blades
  2777 | D:4      | Reached XP level 6. HP: 47/47 MP: 9/9
  3209 | D:4      | Reached skill level 6 in Long Blades
  3317 | D:4      | Reached XP level 7. HP: 22/52 MP: 10/10
  3825 | D:3      | Reached skill level 7 in Long Blades
  4008 | D:4      | Found a staircase to the Ecumenical Temple.
  4032 | Temple   | Entered the Ecumenical Temple
  4144 | D:4      | Found a broken altar of Ashenzari.
  4382 | D:5      | Entered Level 5 of the Dungeon
  4628 | D:5      | Reached skill level 8 in Long Blades
  4628 | D:5      | Reached XP level 8. HP: 55/59 MP: 11/11
  5036 | D:6      | Found Neos's General Store.
  5039 | D:6      | Bought a potion of heal wounds for 60 gold pieces
  5141 | D:6      | Reached skill level 9 in Long Blades
  5154 | D:6      | Found Sesti's Antique Weapon Boutique.
  5178 | D:6      | Found Repaixti's Distillery.
  5186 | D:6      | Bought a potion of lignification for 36 gold pieces
  5237 | D:6      | Found Fint's Weapon Boutique.
  5239 | D:6      | Noticed Eustachio
  5246 | D:6      | Killed Eustachio
  5299 | D:6      | Found an opulent altar of Gozag.
  5441 | D:6      | Identified the amulet "Eloxt" {Reflect -Tele Fly SH+5 SInv}
  5451 | D:6      | Found Aschusae's Antique Weapon Shoppe.
  5455 | D:6      | Bought a fading flail for 221 gold pieces
  5455 | D:6      | Identified the +1 flail "Nieduf" {flame, Str+4} (You bought
                  | it in a shop on level 6 of the Dungeon)
  5620 | D:7      | Noticed a wyvern
  5628 | D:7      | Killed a wyvern
  5629 | D:7      | Reached skill level 10 in Long Blades
  5716 | D:7      | Found a large runed translucent door.
  5716 | D:7      | Found a large runed translucent door.
  5744 | D:7      | Noticed a troll
  5752 | D:7      | Killed a troll
  5753 | D:7      | Reached XP level 9. HP: 43/64 MP: 12/12
  5866 | D:7      | Found an ornate altar of the Wu Jian Council.
  6012 | D:7      | Reached skill level 11 in Long Blades
  6090 | D:7      | Found a burning altar of Makhleb.
  6279 | D:7      | You are sucked into a shaft and drop 1 floor!
  6311 | D:8      | Noticed Erica
  6320 | D:8      | Killed Erica
  6321 | D:8      | Reached skill level 12 in Long Blades
  6321 | D:8      | Reached XP level 10. HP: 53/70 MP: 13/13
  6803 | D:8      | Reached skill level 1 in Shields
  7328 | D:9      | Found Lemn's Changing Room.
  7360 | D:9      | Found a staircase to the Orcish Mines.
  7771 | D:9      | Noticed a manticore
  7789 | D:9      | Killed a manticore
  7790 | D:9      | Reached skill level 5 in Shields
  8266 | Orc:1    | Entered Level 1 of the Orcish Mines
  8269 | Orc:1    | Noticed an orc knight
  8276 | D:9      | Reached skill level 13 in Long Blades
  8279 | Orc:1    | Noticed an orc knight
  8541 | D:9      | Reached skill level 5 in Fighting
  8615 | D:10     | Entered Level 10 of the Dungeon
  8615 | D:10     | Noticed Erolcha
  8813 | D:10     | Found a staircase to the Lair.
  8821 | D:10     | Killed Erolcha
  9247 | D:10     | Found a portal to a secret trove of treasure.
  9548 | D:10     | Found a hazy altar of Hepliaklqana.
  9626 | Lair:1   | Entered Level 1 of the Lair of Beasts
  9694 | Lair:1   | Reached XP level 11. HP: 81/81 MP: 14/14
  9818 | Lair:1   | Noticed an elephant
  9818 | Lair:1   | Noticed an elephant
  9818 | Lair:1   | Noticed an elephant
  9819 | Lair:1   | Noticed an elephant
  9821 | Lair:1   | Noticed an elephant
  9827 | Lair:1   | Killed an elephant
  9831 | Lair:1   | Killed an elephant
  9832 | Lair:1   | Reached skill level 14 in Long Blades
  9837 | Lair:1   | Killed an elephant
  9843 | Lair:1   | Killed an elephant
  9847 | Lair:1   | Killed an elephant
 10568 | Lair:1   | Reached skill level 10 in Fighting
 10573 | Lair:1   | Reached skill level 1 in Armour
 10784 | Lair:2   | Noticed a skyshark
 10934 | Lair:2   | Found a staircase to the Swamp.
 10936 | Lair:2   | Noticed an elephant
 10937 | Lair:2   | Noticed an elephant
 10947 | Lair:1   | HP: 3/90 [skyshark (6)]
 10947 | Lair:1   | Slain by a skyshark

Illustrated notes

Levels and vault maps discovered:
D:1:      dpeg_arrival_caged_fury, layout_loops_ring, serial_bayou_pond_d,
          minmay_hexomino_p4
D:2:      layout_basic
D:3:      layout_loops_ring, mainiacjoe_overflow_divided_tiny, feat_on_display
D:4:      layout_cave_pools, mainiacjoe_overflow_small_starburst,
          minmay_temple_entry_tees, nrook_mini_backslash,
          chequers_serial_rivers_small_b, uniq_blork_the_orc
D:5:      layout_rooms, serial_park_tiny_pond
D:6:      layout_basic, grunt_gozag_statues, serial_shops, shop, shop,
          nicolae_stop_n_shop_2, nicolae_shop_bloodbath_and_beyond,
          nicolae_shop_tiny_glass, nrook_loot_triangle, uniq_eustachio
D:7:      layout_loops_cross, nicolae_wu_jian_wuxing_cycle,
          jmf_multi_god_temple2, grunt_ministairs_6, minmay_ruined_shrine
D:8:      layout_gridville, minmay_misc_feat_nine_boxes, uniq_erica
D:9:      layout_gridville, orc_0_dummy, nicolae_transmutations_shop
D:10:     layout_roguey, lemuel_coloured_pillars_altar, lair_entry_dummy,
          enter_trove_6, minivault_27, uniq_erolcha
Temple:   zaba_magenta_temple
Lair:1:   layout_roguey, serial_rivers, chequers_serial_rivers_small_a,
          chequers_serial_rivers_room_b, chequers_serial_rivers_marsh,
          chequers_serial_rivers_micro_b, chequers_serial_rivers_marsh,
          beast_lair_carwin_4
Lair:2:   layout_cave_pods, minmay_swamp_entry_worms,
          hangedman_lair_unloving_vines, serial_bayou_pond_e,
          serial_bayou_lagoon_a, lemuel_fruit_tree, lemuel_fruit_fields,
          lemuel_fruit_fields
Orc:1:    layout_caves, ebering_ghost_reflecting_pool, serial_shops,
          nicolae_shop_real_fake_doors

Skill      XL: |  1  2  3  4  5  6  7  8  9 10 11 |
---------------+----------------------------------+-----
Spellcasting   | 2 |  2.0
Long Blades    | 4 5 6 8 10 12 13 14 | 14.0
Shields        | 5 |  5.0
Fighting       | 6 10 | 10.0
Armour         | 3 |  3.1
Fire Magic     | |  3.6

Action                     |  1- 3 |  4- 6 |  7- 9 | 10-12 || total
---------------------------+-------+-------+-------+-------++-------
  Melee: Falchion          |   128 |   126 |    23 |       ||   277
         Punch             |       |     2 |     3 |     1 ||     6
         Long sword        |       |    76 |   193 |       ||   269
         Scimitar          |       |       |       |   291 ||   291
  Throw: Dart              |       |     6 |     8 |    12 ||    26
 Invoke: Foxfire Swarm     |       |     2 |     2 |       ||     4
         Rising Flame      |       |     1 |       |       ||     1
  Evoke: Wand              |       |       |     8 |     6 ||    14
    Use: Scroll            |       |     4 |     6 |    12 ||    22
         Potion            |       |     1 |     1 |     4 ||     6
   Stab: Invisible         |       |       |     7 |       ||     7
 Armour: Chain mail        |    78 |   140 |   107 |    44 ||   369
         Plate armour      |       |       |     1 |       ||     1
         Pearl dragon scal |       |       |       |    57 ||    57
  Dodge: Dodged            |    53 |    59 |    76 |    53 ||   241
  Block: Other             |       |       |    12 |     1 ||    13
         Buckler           |       |       |       |   139 ||   139
         Reflection        |       |       |       |    10 ||    10
